 Dungeon Crawl Stone Soup version 0.26-a0-1053-gaff5f71418 (webtiles) character file.

Game seed: 14944892624503569407

708557 dolemite99 the Unseen (level 27, -42/151 HPs)
             Began as a Vine Stalker Fighter on Dec 12, 2020.
             Was the Champion of Wu Jian.
             Blown up by a lich (65 damage)
             ... with an orb of destruction
             ... in Pandemonium on Dec 13, 2020.
             The game lasted 03:49:00 (90848 turns).

dolemite99 the Unseen (Vine Stalker Fighter)       Turns: 90848, Time: 03:49:01

Health: -42/151    AC: 38    Str: 30    XL:     27
Magic:  0/38       EV: 15    Int: 15    God:    Wu Jian [******]
Gold:   7104       SH: 15    Dex: 23    Spells: 1/47 levels left

rFire    + . .     SeeInvis +   b - +7 quick blade (elec)
rCold    + + +     Faith    .   R - +0 kite shield of Parlour Games {*Corrode Dex+4}
rNeg     . . .     Spirit   +   f - +12 chain mail of the Unseen Realm {rC+ Regen+}
rPois    .         Reflect  .   w - +2 helmet
rElec    +         Harm     .   A - +2 cloak of Pan-Flutes {rC+ rCorr}
rCorr    +         Rampage  .   j - +0 pair of gloves "Palet" {rElec rF+}
Will     +++..                  U - +1 pair of boots {run}
Stlth    ++++......             o - amulet "Giarch" {rElec Regen+ SInv}
HPRegen  1.95/turn              L - ring of Cheibriados's Favour {AC+4 Int+4}
MPRegen  0.26/turn              p - ring "Babon" {rC+ Str+2 Dex+4 Slay+3, =R}

@: brilliant, very slightly contaminated, heavily drained, quick
A: claws 1, fangs 3, iridescent scales 1, deformed body, dopey 1, frail 1,
regeneration 2, robust 1, strong 1, magic shield, antimagic bite, no potion heal
3, rot immunity
}: 6/15 runes: barnacled, slimy, silver, abyssal, fiery, gossamer
a: Wall Jump, Serpent's Lash, Heavenly Storm, Renounce Religion


You were in Pandemonium.
You worshipped Wu Jian.
Wu Jian was exalted by your worship.
You visited 12 branches of the dungeon, and saw 54 of its levels.
You visited Pandemonium 1 time, and saw 13 of its levels.
You visited the Abyss 2 times.
You visited 1 bazaar.
You visited 1 ziggurat, and saw 8 of its levels.
You also visited: Gauntlet.

You collected 14716 gold pieces.
You spent 7612 gold pieces at shops.

Inventory:

Hand Weapons
 a - the +12 Vampire's Tooth {vamp}
   (You found it on level 5 of a ziggurat)

   It inflicts no extra harm, but heals its wielder when it wounds a living foe.
 b - a +7 quick blade of electrocution (weapon)
 q - a +1 demon blade of draining
 t - the +6 sword of Cerebov {flame}
   (You took it off Cerebov in Pandemonium)

   It has been specially enchanted to burn those struck by it, causing extra
   injury to most foes and up to half again as much damage against particularly
   susceptible opponents.
   Big, fiery blades are also staple armaments of hydra-hunters.
 T - a +1 demon blade of pain
 Z - a +7 demon blade of flaming
Missiles
 O - 15 silver javelins (quivered)
 Q - 64 boomerangs
 Y - 8 javelins
Armour
 f - the +12 chain mail of the Unseen Realm (worn) {rC+ Regen+}
   (You found it in Pandemonium)

   It protects you from cold.
   It increases your rate of regeneration.
 j - the +0 pair of gloves "Palet" (worn) {rElec rF+}
   (You found it on level 5 of the Vaults)

   It protects you from fire.
   It insulates you from electricity.
 w - a +2 helmet (worn)
 A - the +2 cloak of Pan-Flutes (worn) {rC+ rCorr}
   (You found it on level 5 of the Pits of Slime)

   It protects you from cold.
   It provides partial protection from all sources of acid and corrosion.
 R - the +0 kite shield of Parlour Games (worn) {*Corrode Dex+4}
   (You bought it in a shop on level 2 of the Orcish Mines)

   It affects your dexterity (+4).
   It may corrode you when you take damage.
 U - a +1 pair of boots of running (worn)
Jewellery
 c - an uncursed ring of protection from fire
 o - the amulet "Giarch" (around neck) {rElec Regen+ SInv}
   (You found it on level 4 of the Dungeon)

   [amulet of regeneration]

   It insulates you from electricity.
   It lets you see invisible.
   It increases your rate of regeneration.
 p - the ring "Babon" (right hand) {rC+ Str+2 Dex+4 Slay+3, =R}
   (You took it off a deep elf mage on level 3 of the Elven Halls)

   [ring of protection from cold]

   It affects your strength (+2).
   It affects your dexterity (+4).
   It affects your accuracy and damage with ranged weapons and melee attacks
   (+3).
   It protects you from cold.
 r - the ring of Huhi {rElec rC+++ rN+ Dex-4 Stlth-}
   (You found it on level 3 of the Crypt)

   [ring of positive energy]

   It affects your dexterity (-4).
   It renders you almost immune to cold.
   It insulates you from electricity.
   It protects you from negative energy.
   It makes you less stealthy.
 L - the ring of Cheibriados's Favour (left hand) {AC+4 Int+4}
   (You found it on level 2 of the Crypt)

   [ring of protection]

   It affects your AC (+4).
   It affects your intelligence (+4).
Wands
 n - a wand of disintegration (32)
 H - a wand of polymorph (93)
 M - a wand of digging (36)
 N - a wand of iceblast (5)
 S - a wand of paralysis (72)
 V - a wand of acid (2)
 W - a wand of enslavement (37)
Scrolls
 e - 37 scrolls of remove curse {@r2}
 i - 14 scrolls of teleportation
 x - 4 scrolls of enchant armour
 y - a scroll of fear
 B - a scroll of magic mapping
 E - a scroll of brand weapon
 J - 7 scrolls of fog
 P - 5 scrolls of silence
 X - 11 scrolls of identify {@r1}
Potions
 d - 10 potions of berserk rage
 k - 13 potions of flight
 l - 4 potions of haste
 v - 10 potions of brilliance
 C - 8 potions of magic
 D - 2 potions of resistance
 F - 21 potions of curing
 G - 2 potions of might
 I - 5 potions of mutation
 K - 5 potions of cancellation
Miscellaneous
 g - a phantom mirror
 h - a phial of floods (inert)
 m - a condenser vane (inert)
 s - a lightning rod (4/4)
 z - a box of beasts (inert)


   Skills:
 - Level 18.0(15.9) Fighting
 - Level 9.2(10.1) Short Blades
 - Level 12.5(11.6) Long Blades
 - Level 9.2(7.4) Throwing
 - Level 16.6(14.5) Armour
 - Level 9.8(8.0) Dodging
 - Level 19.1(16.9) Stealth
 - Level 15.0(12.9) Shields
 - Level 10.8(9.0) Spellcasting
 - Level 12.2(10.3) Conjurations
 + Level 11.8(9.9) Summonings
 - Level 9.4(7.7) Necromancy
 - Level 11.0(9.1) Translocations
 - Level 9.5(7.8) Transmutations
 - Level 8.1(6.4) Air Magic
 - Level 8.5(6.8) Earth Magic
 - Level 17.9(15.7) Evocations


You had one spell level left.
You knew the following spells:

 Your Spells              Type           Power        Failure   Level
a - Passage of Golubria   Tloc           N/A          11%         4
b - Wereblood             Tmut           #####...     2%          2
c - Dazzling Flash        Conj/Hex       ####..       16%         3
d - Blink                 Tloc           N/A          1%          2
e - Lesser Beckoning      Tloc           ######....   3%          3
f - Teleport Other        Tloc           ######..     3%          3
g - Apportation           Tloc           ######       1%          1
h - Swiftness             Air            #####...     4%          2
i - Animate Skeleton      Necr           #####.       1%          1
j - Shadow Creatures      Summ           N/A          75%         6
k - Mephitic Cloud        Conj/Pois/Air  #####...     14%         3
l - Call Imp              Summ           ######..     1%          2
m - Passwall              Tmut/Erth      #####...     3%          2
n - Summon Lightning Spi  Summ/Air       #####...     16%         4
o - Ignition              Fire           ##........   100%        8

Your spell library contained the following spells:

 Spells                   Type           Power        Failure   Level
 Beastly Appendage        Tmut           #####.       1%          1
 Magic Dart               Conj           ####         1%          1
 Shock                    Conj/Air       ####         1%          1
 Summon Small Mammal      Summ           ####         1%          1
 Foxfire                  Conj/Fire      ####         5%          1
 Sting                    Tmut/Pois      ####         10%         1
 Corona                   Hex            ##.....      41%         1
 Freeze                   Ice            ##..         41%         1
 Searing Ray              Conj           ######       1%          2
 Call Canine Familiar     Summ           ######..     2%          3
 Corpse Rot               Necr/Air       N/A          3%          2
 Sublimation of Blood     Necr           #####.....   3%          2
 Gell's Gravitas          Tloc           ######....   3%          3
 Static Discharge         Conj/Air       #####...     4%          3
 Stone Arrow              Conj/Erth      #####.       4%          3
 Iskenderun's Mystic Bla  Conj/Tloc      ######..     9%          4
 Poisonous Vapours        Pois/Air       ###...       19%         2
 Summon Guardian Golem    Hex/Summ       ####....     19%         3
 Iskenderun's Battlesphe  Conj           ######..     19%         5
 Portal Projectile        Hex/Tloc       ####..       21%         3
 Petrify                  Tmut/Erth      #####...     22%         4
 Summon Demon             Summ           ######....   22%         5
 Summon Forest            Summ/Tloc      ######....   26%         5
 Irradiate                Conj/Tmut      ######....   30%         5
 Lightning Bolt           Conj/Air       #####.....   38%         5
 Ignite Poison            Fire/Tmut/Pois ###.....     43%         3
 Fulminant Prism          Conj/Hex       ####......   47%         4
 Hailstorm                Conj/Ice       ####....     47%         4
 Summon Ice Beast         Ice/Summ       ####....     52%         4
 Borgnjor's Vile Clutch   Necr/Erth      #####.....   54%         5
 Ensorcelled Hibernation  Hex/Ice        ##....       56%         2
 Lee's Rapid Deconstruct  Erth           #####.....   61%         5
 Ice Form                 Ice/Tmut       ####....     67%         4
 Bolt of Magma            Conj/Fire/Erth #####.....   77%         5
 Confusing Touch          Hex            ##......     80%         3
 Frozen Ramparts          Ice            ##....       80%         3
 Ozocubu's Armour         Ice            ##......     80%         3
 Tukima's Dance           Hex            ##......     80%         3
 Fireball                 Conj/Fire      ####......   83%         5
 Dispersal                Tloc           ######....   85%         6
 Summon Mana Viper        Hex/Summ       ####....     86%         5
 Iron Shot                Conj/Erth      #####.....   90%         6
 Conjure Ball Lightning   Conj/Air       #####.....   92%         6
 Alistair's Intoxication  Tmut/Pois      ####.....    95%         5
 Yara's Violent Unravell  Hex/Tmut       ####......   95%         5
 Hydra Form               Tmut           #####.....   96%         6
 Silence                  Hex/Air        ###.......   98%         5
 Cause Fear               Hex            ##........   99%         4
 Orb of Destruction       Conj           ######....   99%         7
 Spellforged Servitor     Conj/Summ      ######....   99%         7
 Metabolic Englaciation   Hex/Ice        ##........   100%        5
 Eringya's Noxious Bog    Tmut/Pois      ####......   100%        6
 Freezing Cloud           Conj/Ice/Air   #####.....   100%        6
 Invisibility             Hex            ##......     100%        6
 Ozocubu's Refrigeration  Ice            ##........   100%        6
 Simulacrum               Ice/Necr       ####......   100%        6
 Starburst                Conj/Fire      ####......   100%        6
 Dragon Form              Tmut           #####.....   100%        7
 Haunt                    Necr/Summ      #####.....   100%        7
 Malign Gateway           Summ/Tloc      ######....   100%        7
 Summon Hydra             Summ           ######....   100%        7
 Borgnjor's Revivificati  Necr           #####.....   100%        8
 Discord                  Hex            ##........   100%        8
 Disjunction              Tloc           ######....   100%        8
 Infestation              Necr           #####.....   100%        8
 Necromutation            Tmut/Necr      #####.....   100%        8
 Death's Door             Necr           #####.....   100%        9
 Shatter                  Erth           #####.....   100%        9
 Tornado                  Air            #####.....   100%        9


Dungeon Overview and Level Annotations

Branches:
Dungeon (15/15)            Temple (0/1) D:5            Lair (6/6) D:8
 Shoals (4/4) Lair:2       Spider (4/4) Lair:2        Slime (5/5) Lair:5
    Orc (2/2) D:10            Elf (3/3) Orc:2        Vaults (5/5) D:14
  Crypt (3/3) Vaults:2     Depths (5/5) D:15           Hell (visited)
    Dis (0/7) Hell            Geh (0/7) Hell            Coc (0/7) Hell
    Tar (0/7) Hell            Zot (1/5) Depths:5    Gauntlet (visited)
   Tomb: Crypt:3

Altars:
Ashenzari
Dithmenos
Gozag
Kikubaaqudgha
Makhleb
Nemelex Xobeh
Okawaru
Vehumet
Wu Jian
Yredelemnul
Zin
The Shining One
Jiyva

Shops:
D:4 [   Orc:1 (   Orc:2 (}[[[   Elf:2 ?   Elf:3 [   Shoals:2 [   Vaults:1 =(
Depths:4 *!:

Portals:
Hell: Depths:1 Depths:2 Depths:3 Depths:4 Depths:5
Abyss: Depths:2 Depths:4
Pandemonium: Depths:3
Trove: Vaults:4 (give 8 scrolls of fear)

Annotations:
Crypt:3 Khufu
Depths:4 2 transporters, exclusion: obsidian statue


Innate Abilities, Weirdness & Mutations

You have razor-sharp teeth.
You heal very quickly.
When hurt, damage is shared between your health and your magic reserves.
Your bite disrupts and absorbs the magic of your enemies.
Potions cannot restore your health.
You are immune to rotting.
You have sharp fingernails.
You are partially covered in iridescent scales. (AC +2)
Armour fits poorly on your strangely shaped body.
You are dopey. (Int -2)
You are frail. (-10% HP)
You are robust. (+10% HP)
Your muscles are strong. (Str +2)


Message History

The rakshasa weaves an illusion.
The lich shimmers and seems to become two!
The lich conjures an orb of pure magic.
A bolt of cold appears from out of your range of vision.
The bolt of cold hits your elder stingbat beast!!
Your elder stingbat beast dies!
Your elder stingbat beast's corpse disappears in a puff of smoke!
The lich shouts!
An orb of destruction comes into view.
Casting: Blink (safe; 1% risk of failure)
Confirm with . or Enter, or press ? or * to list all spells.
Aiming: Passage of Golubria (mildly dangerous; 11% risk of failure)
Press: ? - help, Dir - move target You feel a surge of power!
You miscast Passage of Golubria.
You are very lightly contaminated with residual magic.
Nothing appears to happen.
The yellow draconian annihilator casts a spell at you.
The bolt of lightning misses you. The orb of destruction hits you!!!
You die...

##.............q....
##...................
#....................
^...................≈
..................≈≈≈
.................≈≈≈≈≈ ≈
.............⌠...≈≈≈≈# .
#.........@.........≈≈≈ ..
#.........○○○q......≈≈≈ ...
#.........1..L.......≈##R..
#≈.......eL.⌠.3.........G..
#≈≈.......3...?...$.R......
#≈≈.......R...3.....≈##
#≈≈....§233.LLR....^≈≈#
#≈≈......§§§≈L≈....≈≈≈#
##≈≈.......≈≈2L..G≈≈≈≈##


You could see a Tzitzimitl (summoned), a yellow draconian annihilator, 5 liches,
a green death (summoned), a deep elf annihilator, 2 rakshasas and 5 smoke
demons.

Vanquished Creatures
  Cerebov (Pan)
  the Royal Jelly (Slime:5)
  Mara (Spider:4)
  An ancient lich (Vaults:5)
  3 juggernauts
  Margery (Vaults:2)
  Frederick (Vaults:2)
  Bai Suzhen (Vaults:3)
  Boris (Depths:5)
  Geryon (Hell)
  A profane servitor (Crypt:3)
  A golden dragon (Vaults:5)
  3 bone dragons
  Arachne (Spider:2)
  3 Brimstone Fiends (Pan)
  3 tentacled monstrosities (Vaults:5)
  A shard shrike zombie (Crypt:1)
  3 Ice Fiends (Pan)
  6 titans (Vaults:5)
  3 deep elf blademasters
  2 quicksilver dragons (Vaults:5)
  5 liches
  2 deep elf master archers (Elf:3)
  2 tentacled starspawn
  7 Executioners (Pan)
  5 sphinxes
  15 acid blobs
  Polyphemus (Shoals:3)
  4 storm dragons
  5 shadow dragons
  Roxanne (Spider:1)
  3 ancient champions
  The ghost of OceanMan the Blocker, a journeyman MiFi of Trog (D:13)
  2 nagarajas (Abyss:3)
  8 azure jellies
  A revenant (Crypt:3)
  10 tengu reavers
  A draconian monk (Zot:1)
  6 frost giants
  2 warmongers (Pan)
  A draconian knight (Depths:5)
  11 fire giants
  7 vault wardens
  8 ghost moths
  2 orc warlords
  A caustic shrike zombie (Depths:4)
  22 balrugs
  Louise (D:15)
  10 deep elf sorcerers
  2 curse skulls
  Aizul (Vaults:1)
  4 deep elf elementalists
  7 cacodemons (Pan)
  2 emperor scorpions (Spider:4)
  11 ironheart preservers
  5 ghouls
  4 war gargoyles
  14 reapers
  2 draconian stormcallers (Depths:5)
  14 stone giants
  17 very ugly things
  A green draconian (Zot:1)
  9 vampire knights
  4 corrupters (Pan)
  2 blood saints (Pan)
  4 deep elf demonologists
  A minotaur (Gauntlet)
  Nessos (D:14)
  A red draconian (Depths:5)
  2 black draconians (Depths:5)
  8 spark wasps
  4 lorocyprocas
  2 yellow draconians (Depths:5)
  3 purple draconians (Zot:1)
  8 entropy weavers
  A white draconian (Zot:1)
  A bunyip (shapeshifter) (Vaults:1)
  15 deep elf death magi
  3 deep elf annihilators
  16 ettins
  22 jiangshi
  7 merfolk javelineers
  8 fire dragons
  An eidolon (Crypt:2)
  7 merfolk impalers
  3 blizzard demons
  2 mummy priests
  5 green deaths
  6 death oozes
  3 deep elf high priests
  A fire dragon (shapeshifter) (Depths:2)
  10 great orbs of eyes
  22 yaktaur captains
  27 vault guards
  Josephine (Orc:2)
  13 hydras
  9 ice dragons
  Fannar (D:10)
  4 boulder beetles
  5 rakshasas
  4 monstrous demonspawn (Pan)
  4 spriggan air magi
  3 catoblepae
  2 merfolk avatars (Shoals:4)
  9 centaur warriors
  3 merfolk aquamancers
  4 alligator snapping turtles
  7 ogre magi
  7 death knights
  21 dancing weapons
  A queen ant (Gauntlet)
  29 two-headed ogres
  A two-headed ogre (shapeshifter) (Depths:1)
  A death scarab (Zig:1)
  The ghost of Copingsaw the Unseen, a journeyman OpFi of Cheibriados (D:11)
  7 deep troll shamans
  10 death yaks
  6 tengu warriors
  4 orc high priests
  A hell hog (Hell)
  5 deep troll earth magi
  2 vampire magi
  A shock serpent (shapeshifter) (Depths:2)
  A thrashing horror (Abyss:3)
  A spriggan berserker (Depths:5)
  22 deep elf knights
  47 sun demons
  16 hell knights
  11 soul eaters
  4 iron trolls
  4 wretched stars
  12 shadow wraiths
  16 skeletal warriors
  7 wizards
  A storm dragon skeleton (Hell)
  2 anaconda zombies (Hell)
  5 glowing orange brains
  A spatial maelstrom (Abyss:2)
  10 sixfirhies (Pan)
  3 unseen horrors
  2 infernal demonspawn (Pan)
  12 sea snakes
  3 shadow demons
  32 deep trolls
  A lindwurm (D:14)
  A spectral wolf spider (Crypt:3)
  6 starcursed masses
  3 obsidian statues
  2 torturous demonspawn (Pan)
  17 deep elf archers
  A lindwurm (shapeshifter) (D:14)
  2 gelid demonspawn (Pan)
  12 ironbrand convokers
  A wolf spider zombie (Hell)
  A harpy (shapeshifter) (Vaults:1)
  14 necromancers
  15 phantasmal warriors
  27 wolf spiders
  21 orb spiders
  An orange crystal statue (Zig:3)
  18 orc knights
  A bunyip skeleton (Crypt:1)
  A human zombie (Vaults:3)
  A tengu skeleton (Vaults:3)
  21 harpies
  70 deep elf magi
  8 orc sorcerers
  An orb spider (shapeshifter) (Depths:2)
  14 ugly things
  3 fauns
  5 shining eyes
  4 worldbinders
  11 cyclopes
  A fire giant zombie (Vaults:5)
  A mana viper (shapeshifter) (Elf:2)
  14 manticores
  An apocalypse crab (Abyss:3)
  2 guardian serpents
  7 elephants
  Joseph (D:8)
  2 moths of wrath (Zot:1)
  12 black mambas
  11 merfolk sirens
  A naga mage (Vaults:4)
  2 rust devils
  12 vault sentinels
  An elephant (shapeshifter) (Vaults:5)
  2 eyes of devastation
  4 ice statues
  3 gargoyles
  19 cane toads
  6 centaur skeletons
  A dire elephant skeleton (Crypt:3)
  2 torpor snails
  A fire giant skeleton (Hell)
  12 smoke demons
  27 orange demons
  6 water nymphs
  8 hellions
  10 efreet
  A rime drake (Lair:5)
  A green draconian zombie (Crypt:2)
  2 tormentors (Pan)
  8 freezing wraiths
  25 demonic crawlers
  38 yaktaurs
  4 hellwings
  10 komodo dragons
  A yaktaur (shapeshifter) (Vaults:1)
  3 ancient zymes
  6 guardian mummies
  11 trolls
  A red draconian skeleton (Crypt:1)
  5 tengu conjurers
  A human skeleton (Vaults:3)
  13 red devils
  2 queen bees (shapeshifter)
  3 hydra zombies
  A queen bee (Gauntlet)
  Grinder (D:6)
  23 merfolk
  15 polar bears
  An iron troll skeleton (Crypt:2)
  5 wind drakes
  A wolf spider simulacrum (Crypt:3)
  16 hornets
  A hornet (shapeshifter) (Depths:4)
  37 jumping spiders
  A harpy skeleton (D:13)
  10 raiju
  An ettin zombie (Vaults:3)
  A hydra skeleton (Pan)
  2 fire giant simulacra
  A blink frog (shapeshifter) (Depths:5)
  19 blink frogs
  3 snapping turtles
  2 alligator zombies (Hell)
  101 slime creatures
  A centaur simulacrum (D:13)
  89 redbacks
  A boulder beetle zombie (Crypt:1)
  2 air elementals
  54 flying skulls
  3 vampires
  An elf skeleton (Depths:4)
  27 water elementals
  4 shadows
  An ettin skeleton (Hell)
  41 tarantellas
  16 wyverns
  14 wraiths
  18 ynoxinuls
  2 yaks (shapeshifter)
  2 ushabtiu (Zig:3)
  48 yaks
  10 fire elementals
  4 basilisks
  3 fire bats (Depths:1)
  5 neqoxecs
  5 golden eyes (Slime:2)
  5 chaos spawn
  3 steam dragons
  3 human simulacra
  9 vampire mosquitoes
  8 wargs
  3 insubstantial wisps (Lair:2)
  A swamp worm (shapeshifter) (Elf:3)
  A glowing shapeshifter zombie (Crypt:1)
  6 soldier ants (Gauntlet)
  A hydra simulacrum (Hell)
  12 small abominations
  A cane toad zombie (Hell)
  17 water moccasins
  12 hell hounds
  A water moccasin (shapeshifter) (Depths:3)
  A torturous demonspawn skeleton (Crypt:2)
  An acid dragon (Vaults:1)
  Duvessa (D:6)
  23 large abominations
  3 sky beasts
  12 black bears
  6 necrophages
  A snapping turtle zombie (Hell)
  An eye of draining (shapeshifter) (Depths:2)
  A meliai simulacrum (D:13)
  33 orc warriors
  3 ice beasts
  3 phantoms
  26 ogres
  A manticore skeleton (Crypt:1)
  15 boggarts
  26 centaurs
  7 eyes of draining
  A hog zombie (Crypt:2)
  29 wolves
  A rime drake zombie (Crypt:1)
  A big kobold (D:8)
  Blork the orc (D:4)
  21 bullfrogs
  Dowan (D:6)
  2 glowing shapeshifter simulacra
  A wyvern skeleton (D:11)
  5 scorpions
  14 killer bees
  16 wights
  A troll skeleton (Crypt:2)
  5 electric eels
  6 howler monkeys
  3 crimson imps
  2 wolf skeletons
  3 jellies
  4 bullfrog zombies
  28 orc priests
  7 hounds
  A black bear zombie (Crypt:2)
  2 centaur zombies
  Crazy Yiuf (D:5)
  A basilisk skeleton (Crypt:1)
  4 iron imps
  3 iguanas
  22 orc wizards
  11 worker ants
  13 hell rats
  A hound zombie (D:8)
  An ogre zombie (Crypt:2)
  A dwarf skeleton (Crypt:1)
  4 mummies
  A worker ant zombie (D:9)
  15 gnolls
  A howler monkey skeleton (D:10)
  17 adders
  6 river rats (D:5)
  2 shadow imps
  5 white imps
  3 ufetubi
  An ooze (D:1)
  An adder zombie (D:9)
  3 worms (D:2)
  2 dart slugs
  8 leopard geckos
  80 orcs
  4 ball pythons
  9 bats
  7 giant cockroaches
  A goblin (D:1)
  5 hobgoblins (D:1)
  17 jackals
  5 quokkas
  A dart slug zombie (Crypt:2)
  5 frilled lizards
  8 kobolds
  2 leopard gecko zombies
  19 rats
  A bush (Abyss:2)
  9 crawling corpses
  4 starspawn tentacles
2740 creatures vanquished.

Vanquished Creatures (collateral kills)
  4 acid blobs (Slime:5)
  2 Executioners (Pan)
  An ancient champion (Crypt:1)
  An azure jelly (Slime:1)
  An emperor scorpion (Spider:4)
  An orc warlord (Depths:1)
  A stone giant (Vaults:2)
  An entropy weaver (Spider:4)
  A vampire knight (Depths:4)
  A deep elf annihilator (Elf:3)
  A death ooze (Slime:5)
  A yaktaur captain (Vaults:5)
  2 deep elf high priests (Elf:3)
  A great orb of eyes (Slime:5)
  A fire dragon (Depths:2)
  An ogre mage (Vaults:4)
  A boulder beetle (Vaults:2)
  A vault guard (Vaults:5)
  An ice dragon (Depths:5)
  A death knight (Crypt:3)
  2 dancing weapons (Elf:2)
  A deep troll shaman (Depths:5)
  A tengu warrior (Depths:1)
  An orc high priest (Depths:1)
  A hell knight (Depths:2)
  A cherub (Pan)
  A deep troll (Vaults:1)
  A torturous demonspawn (Pan)
  2 deep elf archers
  A flayed ghost (Crypt:3)
  An orc sorcerer (Depths:1)
  2 orc knights
  An orb spider (Spider:4)
  A faun (Shoals:3)
  2 deep elf magi
  2 ugly things
  2 manticores (Shoals:2)
  A moth of wrath (Spider:4)
  3 elephants (Lair:2)
  A shining eye (Slime:1)
  A water nymph (Shoals:2)
  2 demonic crawlers (Pan)
  A freezing wraith (Vaults:1)
  A yaktaur (Vaults:5)
  An efreet (Pan)
  A hellwing (Pan)
  2 merfolk
  A polar bear (Lair:6)
  A hornet (Spider:4)
  5 slime creatures
  2 shadows (Crypt:3)
  6 redbacks
  3 tarantellas (Spider:4)
  2 water elementals (Depths:5)
  A hell hound (Lair:6)
  3 black bears (Lair:6)
  2 wolves (Lair:1)
  3 eyes of draining
  An eye of draining (shapeshifter) (Depths:1)
  A human skeleton (Vaults:5)
  An orc priest (D:8)
  4 orcs
  A giant cockroach (D:8)
99 creatures vanquished.

Vanquished Creatures (others)
  A deep elf demonologist (Elf:3)
  2 deep elf annihilators (Elf:3)
  A harpy (Shoals:4)
  An orc knight (Vaults:4)
  A deep elf mage (Elf:2)
  A hornet (Spider:4)
  A redback (Spider:4)
  A flying skull (Abyss:1)
  A warg (Vaults:4)
  An ogre (Vaults:3)
  A centaur (Zig:4)
  A small abomination (Zig:6)
  An orc priest (Orc:2)
  A mummy (Zig:3)
  A bush (Lair:5)
  A crawling corpse (Vaults:5)
  3 demonic plants (Gauntlet)
  57 fungi
  2 lurking horrors
  114 plants
  14 starspawn tentacles
207 creatures vanquished.

Grand Total: 3046 creatures vanquished

Notes
Turn   | Place    | Note
-------+----------+-------------------------------------------
     0 | D:1      | dolemite99 the Vine Stalker Fighter began the quest for the
                  | Orb.
     0 | D:1      | Reached XP level 1. HP: 11/11 MP: 2/2
   131 | D:1      | Reached XP level 2. HP: 16/16 MP: 3/3
   522 | D:1      | Reached XP level 3. HP: 20/20 MP: 4/4
  1375 | D:2      | Gained mutation: Your natural rate of healing is unusually
                  | fast. [Vine Stalker growth]
  1375 | D:2      | Reached XP level 4. HP: 24/24 MP: 5/5
  1386 | D:2      | Found an ornate altar of the Wu Jian Council.
  1412 | D:2      | Became a worshipper of the Wu Jian Council
  1951 | D:3      | Reached XP level 5. HP: 24/28 MP: 4/6
  2549 | D:3      | Reached * piety under Wu Jian
  2557 | D:3      | Reached XP level 6. HP: 33/33 MP: 7/7
  2992 | D:4      | Found Joej's Antique Armour Emporium.
  3015 | D:4      | Reached skill level 5 in Short Blades
  3027 | D:4      | Got a warped pewter amulet
  3034 | D:4      | Identified the amulet "Giarch" {rElec Regen+ SInv} (You
                  | found it on level 4 of the Dungeon)
  3077 | D:4      | Found an iron altar of Okawaru.
  3482 | D:4      | Noticed Blork the orc
  3513 | D:5      | Entered Level 5 of the Dungeon
  3660 | D:4      | Killed Blork the orc
  3908 | D:5      | You fall into a shaft and drop 2 floors!
  3908 | D:7      | Noticed an orc warrior
  3948 | D:6      | Found a shadowy altar of Dithmenos.
  3971 | D:6      | Noticed an orc warrior
  3997 | D:6      | Reached XP level 7. HP: 38/38 MP: 8/8
  4068 | D:6      | Noticed a steam dragon
  4082 | D:6      | Killed a steam dragon
  4083 | D:6      | Reached skill level 5 in Fighting
  4089 | D:6      | Noticed a steam dragon
  4096 | D:6      | Killed a steam dragon
  4332 | D:5      | Gained mutation: You have razor-sharp teeth. [Vine Stalker
                  | growth]
  4332 | D:5      | Reached XP level 8. HP: 41/43 MP: 7/9
  4453 | D:5      | Found a runed translucent door.
  4454 | D:5      | Noticed Crazy Yiuf
  4462 | D:5      | Killed Crazy Yiuf
  4713 | D:5      | Found a staircase to the Ecumenical Temple.
  4732 | D:5      | Got an ichor-stained scale mail
  4755 | D:5      | Identified the +4 scale mail of Spite {Regen+ Int+2 Dex-4}
                  | (You found it on level 5 of the Dungeon)
  4783 | D:5      | Reached ** piety under Wu Jian
  4901 | D:5      | Found the +2 ratskin cloak {*Rats rPois rN+ Str-1 Int-1
                  | Dex+1}
  5022 | D:6      | Noticed Duvessa
  5030 | D:6      | Killed Duvessa
  5035 | D:6      | Noticed Dowan
  5044 | D:6      | Killed Dowan
  6242 | D:6      | Noticed Grinder
  6261 | D:6      | Killed Grinder
  6262 | D:6      | Reached XP level 9. HP: 51/51 MP: 10/10
  6432 | D:6      | Reached *** piety under Wu Jian
  8534 | D:8      | Reached **** piety under Wu Jian
  8772 | D:7      | Reached XP level 10. HP: 58/58 MP: 11/11
  8860 | D:8      | Reached skill level 5 in Shields
  9034 | D:8      | Noticed Joseph
  9076 | D:8      | Killed Joseph
  9108 | D:8      | Found a radiant altar of Vehumet.
  9283 | D:8      | Found a staircase to the Lair.
  9407 | D:8      | Found a glowing golden altar of the Shining One.
  9628 | D:9      | Reached ***** piety under Wu Jian
  9680 | D:9      | Found a glowing silver altar of Zin.
  9681 | D:9      | Noticed an angel
 10377 | Lair:1   | Entered Level 1 of the Lair of Beasts
 10436 | Lair:1   | Reached XP level 11. HP: 59/62 MP: 12/12
 10530 | Lair:1   | Reached skill level 10 in Fighting
 10848 | Lair:1   | Noticed an eight-headed hydra
 10857 | Lair:1   | Killed an eight-headed hydra
 11537 | D:4      | Bought a bloodstained kite shield for 256 gold pieces
 11547 | D:4      | Identified the +0 kite shield "Cuvur" {-Cast Regen+ Dex+2}
                  | (You bought it in a shop on level 4 of the Dungeon)
 11552 | D:4      | Bought a distressingly furry scale mail for 243 gold pieces
 11564 | D:4      | Identified the +7 scale mail "Vuocedar" {Int+3} (You bought
                  | it in a shop on level 4 of the Dungeon)
 11933 | Lair:2   | Reached skill level 5 in Armour
 11941 | Lair:2   | Gained mutation: You heal very quickly. [Vine Stalker
                  | growth]
 11941 | Lair:2   | Reached XP level 12. HP: 66/69 MP: 13/13
 12154 | Lair:2   | Found a staircase to the Shoals.
 12328 | Lair:2   | Found a hole to the Spider Nest.
 12372 | Lair:2   | Identified 3 scrolls of acquirement
 12373 | Lair:2   | Acquired a +4 quick blade
 12378 | Lair:2   | Acquired 501 gold pieces
 12397 | Lair:2   | Noticed a seven-headed hydra
 12411 | Lair:2   | Killed a seven-headed hydra
 12485 | Lair:2   | Noticed a five-headed hydra
 12494 | Lair:2   | Killed a five-headed hydra
 13214 | Lair:3   | Noticed a four-headed hydra
 13227 | Lair:3   | Killed a four-headed hydra
 13506 | Lair:3   | Acquired 287 gold pieces
 13686 | Lair:3   | Reached skill level 10 in Armour
 13778 | Lair:3   | Found an ancient bone altar of Kikubaaqudgha.
 13823 | Lair:3   | Reached XP level 13. HP: 72/72 MP: 14/14
 15475 | Lair:4   | You fall into a shaft and drop 2 floors!
 15475 | Lair:6   | Entered Level 6 of the Lair of Beasts
 15629 | Lair:5   | Got a pair of crude boots
 15638 | Lair:5   | Identified the +2 pair of boots "Ukulocul" {Str+3 Int-2
                  | Dex+4} (You found it on level 5 of the Lair of Beasts)
 15648 | Lair:5   | Found a staircase to the Slime Pits.
 15799 | Lair:5   | Reached skill level 5 in Evocations
 16433 | Lair:5   | Reached XP level 14. HP: 66/77 MP: 15/15
 17535 | Lair:6   | Acquired 914 gold pieces
 17713 | Lair:6   | Reached skill level 10 in Evocations
 18371 | Lair:6   | Reached skill level 10 in Shields
 18962 | D:10     | Entered Level 10 of the Dungeon
 19085 | D:10     | Found an opulent altar of Gozag.
 19150 | D:10     | Found a staircase to the Orcish Mines.
 19309 | D:10     | Noticed Fannar
 19355 | D:10     | Killed Fannar
 19530 | D:10     | Found a sparkling altar of Nemelex Xobeh.
 20129 | D:10     | Reached XP level 15. HP: 82/82 MP: 16/16
 20611 | D:11     | Found a runed translucent gate.
 20613 | D:11     | Found a runed translucent gate.
 20613 | D:11     | Found a runed translucent gate.
 20613 | D:11     | Found an opulent altar of Gozag.
 20614 | D:11     | Noticed Copingsaw's ghost (journeyman OpFi)
 21266 | D:11     | Killed Copingsaw's ghost
 22566 | D:13     | Noticed OceanMan's ghost (journeyman MiFi)
 22582 | D:13     | Reached ****** piety under Wu Jian
 22918 | D:13     | Found a transporter.
 22925 | D:13     | Found a transporter.
 23211 | D:14     | Found a gate leading to a gauntlet.
 23219 | Gauntlet | Entered a Gauntlet
 23219 | Gauntlet | Found a transporter.
 23219 | Gauntlet | Found a transporter.
 23219 | Gauntlet | Found a transporter.
 23230 | Gauntlet | Found a transporter.
 23240 | Gauntlet | Found a transporter.
 23255 | Gauntlet | Found a transporter.
 23265 | Gauntlet | Found a transporter.
 23280 | Gauntlet | Found a transporter.
 23286 | Gauntlet | Found a transporter.
 23300 | Gauntlet | Found a transporter.
 23318 | Gauntlet | Found a transporter.
 23326 | Gauntlet | Noticed a cacodemon
 23361 | Gauntlet | Found a transporter.
 23794 | Gauntlet | Identified the cursed +1 scale mail of the Endless Expanse
                  | {rPois rC+ Int-5}
 23794 | Gauntlet | Identified the ring of Fifoh {+Inv rF+++ Will- rCorr Int-4}
 23837 | Gauntlet | Got a polished scale mail
 23848 | Gauntlet | Identified the +8 scale mail of the Other Side {rC+ rN+
                  | rCorr} (You found it in a Gauntlet)
 24278 | D:14     | Noticed Nessos
 24288 | D:14     | Killed Nessos
 24676 | D:14     | Identified the Volume of the Arsonist and Confrontation
 24825 | D:14     | Found a gate to the Vaults.
 24890 | D:15     | Entered Level 15 of the Dungeon
 24983 | D:15     | Found a broken altar of Ashenzari.
 24993 | D:15     | Reached XP level 16. HP: 90/90 MP: 17/17
 25033 | D:15     | Noticed Louise
 25391 | Orc:1    | Entered Level 1 of the Orcish Mines
 25454 | Orc:2    | Entered Level 2 of the Orcish Mines
 25473 | Orc:2    | Found a staircase to the Elven Halls.
 25495 | Orc:2    | Noticed Josephine
 25516 | Orc:2    | Killed Josephine
 25814 | Orc:2    | Found Raruol Ixzu's Weapon Shop.
 26086 | Orc:2    | Paralysed by an orc sorcerer for 4 turns
 26104 | Orc:2    | Found Ruol Lop's Armour Emporium.
 26104 | Orc:2    | Found Zaupsono's Gadget Boutique.
 26106 | Orc:2    | Found Jicir's Antique Armour Emporium.
 26106 | Orc:2    | Found Dokluser's Armour Boutique.
 26324 | Orc:2    | Bought the +2 pair of gloves of Noughts and Crosses {Str+3
                  | SInv} for 384 gold pieces
 26340 | Orc:2    | Bought a polished kite shield for 294 gold pieces
 26351 | Orc:2    | Identified the cursed +0 kite shield of Parlour Games
                  | {*Corrode Dex+4} (You bought it in a shop on level 2 of the
                  | Orcish Mines)
 26353 | Orc:2    | Bought a +2 cloak of willpower for 215 gold pieces
 26373 | Orc:2    | Bought a wand of iceblast (5) for 153 gold pieces
 26373 | Orc:2    | Bought a wand of paralysis (8) for 170 gold pieces
 26373 | Orc:2    | Bought a lightning rod (4/4) for 510 gold pieces
 26373 | Orc:2    | Bought a phantom mirror for 680 gold pieces
 26827 | Spider:1 | Entered Level 1 of the Spider Nest
 27481 | Spider:1 | Noticed Roxanne
 28045 | Spider:1 | Killed Roxanne
 28122 | Spider:2 | Noticed Arachne
 28138 | Spider:2 | Killed Arachne
 29375 | Spider:2 | Reached XP level 17. HP: 95/95 MP: 18/18
 31429 | Spider:4 | Entered Level 4 of the Spider Nest
 31766 | Spider:4 | Noticed Mara
 31813 | Spider:4 | Killed Mara
 32463 | Spider:4 | Reached skill level 1 in Long Blades
 32914 | Spider:4 | Acquired a manual of Stealth
 32965 | Spider:4 | Reached skill level 1 in Stealth
 32971 | Spider:4 | Reached XP level 18. HP: 100/102 MP: 19/19
 32974 | Spider:4 | Reached skill level 2 in Stealth
 33123 | Spider:4 | Reached skill level 3 in Stealth
 33179 | Spider:4 | Reached skill level 4 in Stealth
 33294 | Spider:4 | Reached skill level 5 in Stealth
 33798 | Spider:4 | Got a gossamer rune of Zot
 33902 | Spider:4 | Reached skill level 6 in Stealth
 34378 | Shoals:1 | Entered Level 1 of the Shoals
 34485 | Shoals:1 | Reached skill level 7 in Stealth
 34694 | Shoals:1 | Reached skill level 8 in Stealth
 34696 | Shoals:1 | HP: 5/102 [merfolk javelineer/silver javelin (20)]
 34892 | Shoals:1 | Reached skill level 5 in Long Blades
 35178 | Shoals:1 | Reached skill level 9 in Stealth
 35744 | Shoals:2 | Reached skill level 10 in Stealth
 35818 | Shoals:2 | Found Mefoym's Armour Boutique.
 35834 | Shoals:2 | Bought the +8 plate armour of Dithmenos's Hatred {SInv
                  | Stlth+} for 1463 gold pieces
 36205 | Shoals:3 | Reached skill level 11 in Stealth
 36502 | Shoals:3 | Noticed Polyphemus
 36548 | Shoals:3 | Killed Polyphemus
 36549 | Shoals:3 | Reached skill level 12 in Stealth
 36937 | Shoals:3 | Reached skill level 13 in Stealth
 37537 | Vaults:1 | Entered Level 1 of the Vaults
 37537 | Vaults:1 | Found Ynyd's Jewellery Shop.
 38142 | Vaults:1 | Bought an uncursed ring of protection from cold for 500
                  | gold pieces
 38456 | Vaults:1 | Found Houlas's Weapon Boutique.
 39022 | Vaults:1 | Reached XP level 19. HP: 107/107 MP: 20/20
 39799 | Vaults:1 | Reached skill level 10 in Long Blades
 40102 | Vaults:1 | Found Pyefoss's Antique Weapon Shoppe.
 40383 | Vaults:1 | Noticed Aizul
 40403 | Vaults:1 | Killed Aizul
 40674 | Vaults:1 | Reached skill level 1 in Throwing
 40696 | Vaults:1 | Acquired a manual of Evocations
 41408 | Vaults:2 | Noticed Margery
 41475 | Vaults:2 | Killed Margery
 41546 | Vaults:2 | Noticed Frederick
 41564 | Vaults:2 | Killed Frederick
 41583 | Vaults:2 | Reached skill level 15 in Evocations
 41901 | Vaults:2 | Reached XP level 20. HP: 86/112 MP: 21/21
 42642 | Vaults:2 | Found a staircase to the Crypt.
 42642 | Vaults:2 | Found a basalt altar of Yredelemnul.
 42643 | Vaults:2 | Found an ancient bone altar of Kikubaaqudgha.
 43017 | Vaults:3 | Noticed Bai Suzhen
 43050 | Vaults:3 | Killed Bai Suzhen
 44127 | Vaults:3 | You fall into a shaft and drop 1 floor!
 44510 | Vaults:4 | Reached skill level 1 in Dodging
 44993 | Vaults:4 | Found a burning altar of Makhleb.
 45013 | Vaults:4 | Reached skill level 5 in Dodging
 45062 | Vaults:4 | Noticed a Tzitzimitl
 45331 | Vaults:4 | Found a portal to a secret trove of treasure.
 45426 | Vaults:4 | Found a radiant altar of Vehumet.
 45537 | Vaults:4 | Reached XP level 21. HP: 116/116 MP: 22/22
 46202 | Elf:1    | Entered Level 1 of the Elven Halls
 46295 | Elf:1    | Found an ancient bone altar of Kikubaaqudgha.
 46316 | Elf:1    | Found a flickering gateway to a bazaar.
 46327 | Bazaar   | Entered a bazaar
 46327 | Bazaar   | Found Ogew Dee's General Store.
 46327 | Bazaar   | Found Gosul's Armour Shop.
 46327 | Bazaar   | Found Veovaw's Assorted Antiques.
 46329 | Bazaar   | Found Rofibro's General Store.
 46386 | Bazaar   | Bought a box of beasts for 360 gold pieces
 46386 | Bazaar   | Bought a potion of invisibility for 72 gold pieces
 46391 | Bazaar   | Bought 2 potions of berserk rage for 300 gold pieces
 46391 | Bazaar   | Bought a bloodstained scale mail for 270 gold pieces
 46402 | Bazaar   | Identified the +0 scale mail "Ihirch" {rN+ MP+9 Dex+2} (You
                  | bought it in a shop in a bazaar)
 46414 | Bazaar   | Bought a potion of might for 120 gold pieces
 47323 | Elf:2    | Got a smoking scale mail
 47334 | Elf:2    | Identified the +2 scale mail "Sefozoy" {rC+ rCorr} (You
                  | found it on level 2 of the Elven Halls)
 47491 | Elf:2    | Found Rublix's Magic Scroll Shop.
 47501 | Elf:2    | Bought a scroll of fog for 38 gold pieces
 47501 | Elf:2    | Bought a scroll of teleportation for 57 gold pieces
 47851 | Elf:2    | Found a huge runed translucent gate.
 47851 | Elf:2    | Found a huge runed translucent gate.
 47851 | Elf:2    | Found a huge runed translucent gate.
 47851 | Elf:2    | Found a huge runed translucent gate.
 47854 | Elf:2    | Found a huge runed translucent gate.
 48777 | Elf:3    | Entered Level 3 of the Elven Halls
 49196 | Elf:3    | Reached skill level 5 in Throwing
 49928 | Elf:3    | Found Totrunof's Antique Armour Boutique.
 50160 | Elf:3    | Identified the +2 executioner's axe "Boutzax" {speed, rF+
                  | Dex+4}
 50191 | Elf:3    | Reached XP level 22. HP: 100/121 MP: 23/23
 50276 | Elf:3    | Identified the ring "Babon" {rC+ Str+2 Dex+4 Slay+3}
 50941 | Elf:3    | Identified the Incunabulum of Damaging Shape Shifting
 50949 | Elf:3    | Found the +7 Kryia's mail coat {PotionHeal*2 rC+}
 51305 | D:13     | Killed OceanMan's ghost
 51327 | D:13     | Reached skill level 14 in Stealth
 51523 | D:15     | Killed Louise
 51619 | D:15     | Found a staircase to the Depths.
 52061 | Depths:1 | Entered Level 1 of the Depths
 52221 | Depths:1 | Reached skill level 15 in Stealth
 52420 | Depths:1 | Found a gateway to Hell.
 52474 | Depths:1 | Reached skill level 16 in Stealth
 52898 | Depths:1 | Reached skill level 17 in Stealth
 53915 | Depths:2 | Reached skill level 18 in Stealth
 54191 | Depths:2 | Reached XP level 23. HP: 126/126 MP: 24/24
 54544 | Depths:2 | Found a one-way gate to the infinite horrors of the Abyss.
 54552 | Depths:2 | Reached skill level 19 in Stealth
 55192 | Depths:2 | Learned a level 2 spell: Swiftness
 55195 | Depths:2 | Learned a level 2 spell: Wereblood
 55198 | Depths:2 | Learned a level 2 spell: Passwall
 55657 | Depths:3 | Noticed a juggernaut
 55670 | Depths:3 | Killed a juggernaut
 55671 | Depths:3 | Reached skill level 15 in Fighting
 55682 | Depths:3 | Noticed a juggernaut
 55693 | Depths:3 | Killed a juggernaut
 55993 | Depths:3 | Found a one-way gate leading to the halls of Pandemonium.
 56644 | Depths:4 | Found a transporter.
 56659 | Depths:4 | Noticed a golden dragon
 56881 | Depths:4 | Found Gutyetit's Blood Bar.
 56999 | Depths:4 | Identified the +1 scale mail of Idealism {+Inv rC+ Str+2}
                  | (You found it on level 4 of the Depths)
 57001 | Depths:4 | Found Aledasosk's Distillery.
 57011 | Depths:4 | Bought a potion of berserk rage for 85 gold pieces
 57011 | Depths:4 | Bought 2 potions of haste for 340 gold pieces
 57011 | Depths:4 | Bought a potion of might for 68 gold pieces
 57024 | Depths:4 | Found a gateway to a ziggurat.
 57101 | Depths:4 | Found a transporter.
 57219 | Depths:4 | You fall into a shaft and drop 1 floor!
 57219 | Depths:5 | Entered Level 5 of the Depths
 57410 | Depths:5 | Found a gate to the Realm of Zot.
 57431 | Depths:5 | Reached skill level 15 in Armour
 57781 | Depths:5 | Noticed a juggernaut
 58181 | Depths:5 | Killed a juggernaut
 58220 | Depths:5 | Noticed Boris
 58246 | Depths:5 | Killed Boris
 58247 | Depths:5 | Reached XP level 24. HP: 125/133 MP: 24/24
 58513 | Depths:5 | Reached skill level 15 in Shields
 59493 | Crypt:1  | Entered Level 1 of the Crypt
 60379 | Crypt:2  | Identified the ring of Cheibriados's Favour {AC+4 Int+4}
                  | (You found it on level 2 of the Crypt)
 60778 | Crypt:3  | Entered Level 3 of the Crypt
 61144 | Crypt:3  | Found a basalt altar of Yredelemnul.
 61659 | Crypt:3  | Identified the ring "Vaempent" {*Drain rPois rF+++ rN+
                  | Int-3} (You found it on level 3 of the Crypt)
 61660 | Crypt:3  | Identified the ring of Ru's Hope {rPois rN+} (You found it
                  | on level 3 of the Crypt)
 61662 | Crypt:3  | Got a scorched golden ring
 61664 | Crypt:3  | Identified the ring of Huhi {rElec rC+++ rN+ Dex-4 Stlth-}
                  | (You found it on level 3 of the Crypt)
 62888 | Crypt:3  | Identified Viararac's Papyrus of Feathers and
                  | Transmigration
 62900 | Crypt:3  | Learned a level 2 spell: Blink
 62933 | Crypt:3  | Noticed Khufu
 62934 | Crypt:3  | Identified the cursed +2 dagger of Valour {elec, Int+3}
 63849 | Vaults:5 | Entered Level 5 of the Vaults
 63901 | Vaults:5 | Reached XP level 25. HP: 107/141 MP: 24/24
 64002 | Vaults:5 | Noticed an ancient lich
 64027 | Vaults:5 | Killed an ancient lich
 64136 | Vaults:5 | Reached skill level 1 in Translocations
 64418 | Vaults:5 | Reached skill level 5 in Translocations
 64535 | Vaults:5 | Identified the +0 pair of gloves "Palet" {rElec rF+} (You
                  | found it on level 5 of the Vaults)
 64959 | Vaults:5 | Acquired 1250 gold pieces
 65016 | Vaults:5 | Reached skill level 1 in Spellcasting
 65225 | Vaults:5 | Reached skill level 5 in Spellcasting
 65402 | Vaults:5 | Identified the +3 hand crossbow "Dexkaur" {venom, rElec
                  | SInv}
 65654 | Vaults:5 | Reached XP level 26. HP: 146/146 MP: 37/37
 65694 | Vaults:5 | Reached skill level 10 in Spellcasting
 65840 | Vaults:5 | Got a silver rune of Zot
 66462 | Vaults:5 | Reached skill level 1 in Transmutations
 66864 | Zig:1    | Entered Level 1 of a ziggurat
 66894 | Zig:2    | Entered Level 2 of a ziggurat
 66908 | Zig:2    | Reached skill level 5 in Transmutations
 66920 | Zig:3    | Entered Level 3 of a ziggurat
 67021 | Zig:4    | Entered Level 4 of a ziggurat
 67057 | Zig:5    | Entered Level 5 of a ziggurat
 67063 | Zig:5    | Found the +12 Vampire's Tooth {vamp}
 67128 | Zig:5    | Identified Qonk's Guide on Lethal Air
 67134 | Zig:5    | Identified the Disquisition on Cloudy Clay
 67159 | Zig:6    | Entered Level 6 of a ziggurat
 67196 | Zig:6    | Identified the Papyrus of Shifting Fire
 67218 | Zig:6    | Cast into level 2 of the Abyss (spatial maelstrom)
 67320 | Zig:6    | Escaped the Abyss
 67345 | Zig:7    | Entered Level 7 of a ziggurat
 67639 | Zig:7    | Identified Qikkutio's Disquisition on Slavery and
                  | Weightlessness
 67776 | Zig:8    | Entered Level 8 of a ziggurat
 67803 | Zig:8    | Reached skill level 1 in Earth Magic
 68295 | Depths:4 | Found Xeaffocs's Book Shoppe.
 68325 | Depths:4 | Learned a level 3 spell: Lesser Beckoning
 68663 | Elf:2    | Bought a scroll of teleportation for 57 gold pieces
 68663 | Elf:2    | Bought a scroll of teleportation for 57 gold pieces
 68663 | Elf:2    | Bought a scroll of fear for 66 gold pieces
 69462 | Shoals:4 | Entered Level 4 of the Shoals
 69551 | Shoals:4 | Reached skill level 5 in Earth Magic
 70065 | Shoals:4 | Identified the +2 robe of Action {rF- rN+++ rCorr Dex-3}
 70209 | Shoals:4 | Got a barnacled rune of Zot
 70882 | Zot:1    | Entered Level 1 of the Realm of Zot
 72368 | Slime:1  | Entered Level 1 of the Pits of Slime
 72390 | Slime:1  | Reached skill level 1 in Air Magic
 72450 | Slime:1  | Learned a level 3 spell: Teleport Other
 72455 | Slime:1  | Learned a level 4 spell: Passage of Golubria
 72465 | Slime:1  | Gained mutation: You tend to lose your temper in combat. [a
                  | shining eye]
 72467 | Slime:1  | Gained mutation: Your spells are a little easier to cast,
                  | but a little less powerful. [a shining eye]
 72685 | Lair:5   | Lost mutation: You tend to lose your temper in combat.
                  | [potion of mutation]
 72685 | Lair:5   | Gained mutation: You passively map a small area around you.
                  | [potion of mutation]
 72685 | Lair:5   | Gained mutation: You are frail. (-10% HP) [potion of
                  | mutation]
 72685 | Lair:5   | Gained mutation: Your muscles are strong. (Str +2) [potion
                  | of mutation]
 73494 | Slime:3  | Reached skill level 5 in Air Magic
 73734 | Slime:3  | Gained mutation: Your spells are easier to cast, but less
                  | powerful. [a shining eye]
 75664 | Slime:4  | Gained mutation: Scrolls take you a little longer to read.
                  | [a shining eye]
 75671 | Slime:4  | Reached XP level 27. HP: 135/135 MP: 38/38
 76495 | Depths:4 | Bought a book of Cantrips for 480 gold pieces
 76499 | Depths:4 | Learned a level 1 spell: Apportation
 76501 | Depths:4 | Learned a level 1 spell: Animate Skeleton
 77742 | Slime:5  | Entered Level 5 of the Pits of Slime
 78133 | Slime:5  | Found a viscous altar of Jiyva.
 78134 | Slime:5  | Noticed the Royal Jelly
 78156 | Slime:5  | Killed the Royal Jelly
 78173 | Slime:5  | Reached skill level 10 in Translocations
 79025 | Slime:5  | Identified a +1 pair of boots of running (You found it on
                  | level 5 of the Pits of Slime)
 79029 | Slime:5  | Acquired a book of Minor Magic
 79044 | Slime:5  | Identified the Collected Works on Attacks and Transmutation
 79051 | Slime:5  | Identified the +2 cloak of Pan-Flutes {rC+ rCorr} (You
                  | found it on level 5 of the Pits of Slime)
 79158 | Slime:5  | Identified the cursed ring "Acwats" {AC-4 Int+6} (You found
                  | it on level 5 of the Pits of Slime)
 79178 | Slime:5  | Got a slimy rune of Zot
 79185 | Slime:5  | Identified the +7 quarterstaff "Dedenk" {elec, +Fly rF+}
                  | (You found it on level 5 of the Pits of Slime)
 79767 | Depths:1 | Learned a level 6 spell: Shadow Creatures
 79771 | Depths:1 | Learned a level 3 spell: Mephitic Cloud
 79774 | Depths:1 | Learned a level 2 spell: Call Imp
 79778 | Depths:1 | Learned a level 3 spell: Dazzling Flash
 79783 | Depths:1 | Learned a level 4 spell: Summon Lightning Spire
 79792 | Depths:1 | Learned a level 8 spell: Ignition
 79995 | Orc:2    | Bought a wand of digging (7) for 374 gold pieces
 80157 | Orc:1    | Found Raon's Antique Weapon Emporium.
 80764 | Depths:2 | Voluntarily entered the Abyss.
 80771 | Abyss:1  | Found a corrupted altar of Lugonu.
 80984 | Abyss:1  | Reached skill level 1 in Necromancy
 81024 | Abyss:1  | Found a corrupted altar of Lugonu.
 81570 | Abyss:2  | Found a sparkling altar of Nemelex Xobeh.
 81571 | Abyss:2  | Found an iron altar of Okawaru.
 81573 | Abyss:2  | Found a white marble altar of Elyvilon.
 81573 | Abyss:2  | Found a burning altar of Makhleb.
 81573 | Abyss:2  | Found a shimmering blue altar of Sif Muna.
 81573 | Abyss:2  | Found a bloodstained altar of Trog.
 81574 | Abyss:2  | Found a basalt altar of Yredelemnul.
 81574 | Abyss:2  | Found a glowing golden altar of the Shining One.
 81574 | Abyss:2  | Found a hazy altar of Hepliaklqana.
 81574 | Abyss:2  | Found an opulent altar of Gozag.
 81575 | Abyss:2  | Found a glowing silver altar of Zin.
 81591 | Abyss:2  | Reached skill level 5 in Necromancy
 81604 | Abyss:2  | Found a sparkling altar of Nemelex Xobeh.
 81604 | Abyss:2  | Found a glowing golden altar of the Shining One.
 81604 | Abyss:2  | Found an opulent altar of Gozag.
 81608 | Abyss:2  | Found an ornate altar of the Wu Jian Council.
 81608 | Abyss:2  | Found a radiant altar of Vehumet.
 81608 | Abyss:2  | Found a snail-covered altar of Cheibriados.
 81610 | Abyss:2  | Found a blossoming altar of Fedhas.
 81610 | Abyss:2  | Found a hide-covered altar of Uskayaw.
 81610 | Abyss:2  | Found a shadowy altar of Dithmenos.
 81610 | Abyss:2  | Found a broken altar of Ashenzari.
 81613 | Abyss:2  | Found a stormy altar of Qazlal.
 81613 | Abyss:2  | Found a shimmering altar of Xom.
 81613 | Abyss:2  | Found a broken altar of Ashenzari.
 81623 | Abyss:2  | Found a glowing golden altar of the Shining One.
 81725 | Abyss:2  | Found a sparkling altar of Nemelex Xobeh.
 81727 | Abyss:2  | Found an iron altar of Okawaru.
 82132 | Abyss:3  | Got an abyssal rune of Zot
 82145 | Depths:2 | Escaped the Abyss
 82337 | Hell     | Entered the Vestibule of Hell
 82337 | Hell     | Noticed Geryon
 82376 | Hell     | Killed Geryon
 82421 | Hell     | Found a gateway to the Iron City of Dis.
 82480 | Hell     | Reached skill level 1 in Summonings
 82505 | Hell     | Found a gateway to the decaying netherworld of Tartarus.
 82615 | Hell     | Found a gateway to the freezing wastes of Cocytus.
 83200 | Depths:2 | Reached skill level 5 in Summonings
 83272 | Hell     | Reached skill level 1 in Conjurations
 83759 | Hell     | Found a gateway to the ashen valley of Gehenna.
 83924 | Hell     | Lost mutation: Scrolls take you a little longer to read.
                  | [potion of mutation]
 83924 | Hell     | Lost mutation: Your spells are easier to cast, but less
                  | powerful. [potion of mutation]
 83924 | Hell     | Gained mutation: Armour fits poorly on your strangely
                  | shaped body. [potion of mutation]
 83924 | Hell     | Gained mutation: You are partially covered in iridescent
                  | scales. (AC +2) [potion of mutation]
 83924 | Hell     | Gained mutation: You have sharp fingernails. [potion of
                  | mutation]
 84017 | Pan      | Entered Pandemonium
 84074 | Pan      | Found an exit through the horrors of the Abyss.
 84195 | Pan      | Found a runed translucent door.
 84271 | Pan      | Reached skill level 5 in Conjurations
 85256 | Pan      | Noticed Ramaf the pandemonium lord
 86494 | Pan      | Found an exit through the horrors of the Abyss.
 86993 | Pan      | Reached skill level 10 in Conjurations
 87009 | Pan      | Entered the realm of Gloorx Vloq.
 87197 | Pan      | Noticed Gloorx Vloq
 87412 | Pan      | Entered the realm of Mnoleg.
 87445 | Pan      | Gained mutation: You are dopey. (Int -2) [a cacodemon]
 87538 | Pan      | Identified the +12 chain mail of the Unseen Realm {rC+
                  | Regen+} (You found it in Pandemonium)
 87553 | Pan      | Gained mutation: You tend to lose your temper in combat. [a
                  | neqoxec]
 87800 | Pan      | Lost mutation: You passively map a small area around you.
                  | [potion of mutation]
 87800 | Pan      | Lost mutation: Armour fits poorly on your strangely shaped
                  | body. [potion of mutation]
 87800 | Pan      | Lost mutation: Your spells are a little easier to cast, but
                  | a little less powerful. [potion of mutation]
 87800 | Pan      | Lost mutation: You tend to lose your temper in combat.
                  | [potion of mutation]
 87800 | Pan      | Gained mutation: You are robust. (+10% HP) [potion of
                  | mutation]
 87932 | Pan      | Entered the realm of Cerebov.
 88398 | Pan      | Identified the +3 spear of Pride {freeze, *Contam rF+++
                  | Will++ Stlth+}
 88837 | Pan      | Identified the +1 leather armour of Circular Logic {rN+}
 88863 | Pan      | Identified Weugg's Disquisition on the Frostbite and
                  | Attacks
 88869 | Pan      | Identified Sif Muna's Papyrus of Frigorific Intoxication
 89392 | Pan      | Identified the Catalogue of Displaced Stones
 89394 | Pan      | Identified the Guide on the Birds and the Traveller
 90047 | Pan      | Identified the +6 sword of Cerebov {flame}
 90047 | Pan      | Noticed Cerebov
 90089 | Pan      | Killed Cerebov
 90090 | Pan      | Reached skill level 10 in Summonings
 90162 | Pan      | Identified the Reference Book on Supportive Confrontation
 90226 | Pan      | Got a fiery rune of Zot
 90610 | Pan      | Noticed Iloonef the pandemonium lord
 90798 | Pan      | Gained mutation: Armour fits poorly on your strangely
                  | shaped body. [a cacodemon]
 90800 | Pan      | Entered the realm of Lom Lobon.
 90848 | Pan      | Blown up by a lich

Illustrated notes

Levels and vault maps discovered:
D:1:      scummos_arrival_simple_crosswalls, layout_basic
D:2:      wander_river, layout_basic, old_standard_altar
D:3:      layout_basic, kennysheep_generic_room_11
D:4:      layout_cave_pools, okawaru_metal_pillars_1_2, serial_shops, shop,
          grunt_ministairs_7, uniq_blork_the_orc
D:5:      wander_guarded_unrand_ratskin, layout_loops_ring,
          minmay_temple_entry_statues_pillars, grunt_ministairs_6,
          uniq_crazy_yiuf_cottage
D:6:      cheibrodos_steamvent, layout_basic, tgw_sif, basic_altar,
          uniq_duvessa, uniq_grinder
D:7:      minmay_chambers_of_fours, layout_layer_cave
D:8:      layout_rooms, lair_entry_dummy, basic_altar, vehumet_altar_wand_db,
          uniq_joseph
D:9:      layout_big_octagon, zin_angel
D:10:     layout_loops_ring, david_orc_3, serial_co_window_serial,
          co_window_of_opportunity_a, co_window_paths_a, co_window_paths_b,
          co_window_of_opportunity_a, co_window_paths_b, co_window_broadway_b,
          co_window_of_opportunity_c, co_window_corner_b, co_window_broadway_c,
          co_window_broadway_c, co_window_paths_c, co_window_2corner,
          glass_columns_a, glass_columns_a, basic_altar, grunt_gozag_statues,
          uniq_fannar
D:11:     layout_long_grid, ebering_ghost_gozag, fungi_pond_lemuel
D:12:     kennysheep_ambush_hall, layout_gridville
D:13:     layout_roguey, gammafunk_ghost_mausoleum, hangedman_decor_points
D:14:     layout_cave_pools, david_vaults_4, minivault_23,
          gauntlet_entry_generic, small_chamber_with_monster, uniq_nessos
D:15:     grunt_enter_depths_snipers, layout_small_grid, basic_altar,
          serial_bayou_lagoon_a, uniq_louise
Lair:1:   layout_loops_ring, cheibrodos_lair_lostbears,
          infiniplex_staircase_pool, grunt_megastairs_4
Lair:2:   layout_gridlike, elwin_shoals_entry_rooms, spider_nest_entry_rubble,
          chequers_serial_rivers_large_a, pond
Lair:3:   layout_chaotic_city, basic_altar, grunt_megastairs_2
Lair:4:   layout_gridlike, lemuel_fruit_fields
Lair:5:   layout_roguey, slime_dummy
Lair:6:   hangedman_lair_caniforms_friends, layout_regular_city,
          hangedman_lair_tendril_chambers
Shoals:1: layout_shoals, nicolae_shoals_mertower
Shoals:2: layout_shoals, serial_shops, shop
Shoals:3: layout_shoals, nicolae_shoals_this_corrosion, uniq_polyphemus
Shoals:4: shoals_end_grunt_ice, layout_shoals
Spider:1: layout_spider_delve, uniq_roxanne
Spider:2: layout_chambers, uniq_arachne
Spider:3: layout_spider_delve
Spider:4: johnstein_spider_rune_arachne_lair, uniq_mara
Slime:1:  layout_caves
Slime:2:  layout_caves
Slime:3:  layout_caves
Slime:4:  layout_caves
Slime:5:  uniq_dissolution
Orc:1:    layout_diamond_mine, serial_shops, shop
Orc:2:    grunt_orc_tribal_feast, layout_caves, serial_shops, shop_coins,
          uniq_josephine
Elf:1:    minmay_elf_arrival_summoners, layout_rooms, serial_shops,
          bzr_in_the_mist, basic_altar, kennysheep_underground_church
Elf:2:    layout_gridlike, serial_shops, nicolae_shop_trees,
          serial_corexii_hall, chequers_hall_statues_wall_a,
          corexii_hall_statues_x
Elf:3:    elf_hall, layout_onion_city, serial_shops, shop
Vaults:1: v_misc_10, nicolae_vaults_three_branches, dpeg_vaults_monster_row,
          st_more_cells, vaults_mumra_minichess, nicolae_vaults_hallways_thing,
          nicolae_vaults_ninety_degrees, v_misc_26, nicolae_vaults_angled_halls,
          vaults_room_pools, ontoclasm_vaults_misaligned, v_misc_17,
          ontoclasm_vaults_claustrophobia, layout_vaults_omnibox, serial_shops,
          nicolae_shop_crystal, shop, shop_statue, uniq_aizul
Vaults:2: minmay_crypt_entry_necro_gods, nicolae_vaults_fighting_squares,
          nicolae_vaults_little_squares_5, ontoclasm_vaults_eye,
          hangedman_vaults_restitches, nicolae_vaults_mini_display_case,
          serial_ice_b, layout_vaults_omnigrid, uniq_frederick, uniq_margery
Vaults:3: v_misc_1, v_misc_22, nicolae_vaults_network_quinsquares
          [nicolae_vaults_network_quincunx_subvault,
          nicolae_vaults_network_quincunx_subvault,
          nicolae_vaults_network_quincunx_subvault,
          nicolae_vaults_network_quincunx_subvault], v_misc_24,
          nicolae_vaults_triangles, nicolae_vaults_inception_statues,
          nicolae_vaults_little_ls, grunt_vaults_diagonal, v_misc_11,
          grunt_vaults_focal, ontoclasm_vaults_idyll,
          ontoclasm_vaults_decontamination, vaults_room_door_hall,
          layout_vaults_maze_snakey, uniq_bai_suzhen
Vaults:4: vaults_dpeg_cross, ontoclasm_vaults_spin, v_misc_30, v_rooms_3,
          grunt_tower_of_power, nicolae_vaults_alarming, v_alt_pattern_3,
          vaults_room_corners, v_rooms_2, nicolae_vaults_little_squares_6,
          v_misc_24, ontoclasm_vaults_ring_large, vaults_room_pool,
          serial_ice_b, vaults_dpeg_ring, layout_vaults_ring,
          nicolae_trove_entry_crystal, basic_altar
Vaults:5: serial_shops
Crypt:1:  layout_chaotic_city
Crypt:2:  layout_catacombs
Crypt:3:  grunt_crypt_end_deaths_head
Depths:1: layout_gridlike, grunt_metal_band, abandoned_shop, minmay_orc_keep,
          kennysheep_random_hallway
Depths:2: minmay_isolated_rectangles_in_corner, layout_gridlike,
          nicolae_abyss_entry_one_way_or_another, grunt_decor_mini_mirrors,
          hangedman_tar_grid_catacomb, minmay_fractal_squares_gapless_7
Depths:3: minmay_curly_fans, layout_cave_pools, nicolae_twisting_strands,
          hell_entry, pan_entry, infiniplex_staircase_spiral_double,
          serial_bayou_shore_b
Depths:4: gammafunk_sealed_arena, layout_gridville, enter_ziggurat_d,
          serial_shops, nicolae_shop_crystal, nicolae_shop_trees, abyss_entry,
          minmay_parallelograms, pf_coc_iceberg, guppyfry_shop_blood
Depths:5: grunt_zot_entry_funnels, layout_cave_pools, grunt_hell_entry_dis_old,
          hangedman_decor_slide_cut, hangedman_decor_lopped, uniq_boris
Hell
Zot:1:    layout_onion
Pan:      evilmike_mini_pan_3x3, layout_grid_shapes, rand_demon_9,
          layout_small_grid, nicolae_pan_cerebovesque_3, rand_demon_7,
          layout_chambers, nicolae_pan_sigil_nadil, rand_demon_3,
          layout_irregular_city, grunt_pan_frozen_over, layout_long_grid,
          nicolae_pan_sigil_eeng, evilmike_mini_pan_layers, layout_basic,
          rand_demon_4, layout_pan_divisions_b [pan_division_quadrant_b1,
          pan_division_quadrant_b4, pan_division_quadrant_b3,
          pan_division_quadrant_b4], gloorx_vloq_grunt_torture_chamber,
          layout_stronghold, mnoleg_grunt_wretched_star, layout_onion_city,
          evilmike_mini_pan_layers, layout_small_grid, reaverb_pan_chaos_star,
          evilmike_cerebov_lava, layout_pan_divisions_a
          [pan_division_quadrant_a1, pan_division_quadrant_a2,
          pan_division_quadrant_a6, pan_division_quadrant_a6,
          pan_division_octagon_empty], grunt_pan_sceptre, layout_gridville,
          nicolae_pan_mnolegish_2, nicolae_pan_sigil_itan,
          nicolae_pan_strange_glyphs [nicolae_pan_strange_glyph_envy,
          nicolae_pan_strange_glyph_loneliness,
          nicolae_pan_strange_glyph_acedia, nicolae_pan_strange_glyph_despair,
          nicolae_pan_strange_glyph_angst], lom_lobon, layout_small_grid

Skill      XL: |  1  2  3  4  5  6  7  8  9 10 11 12 13 14 15 16 17 18 19 20 21 22 23 24 25 26 27 |
---------------+----------------------------------------------------------------------------------+-----
Short Blades   | 2 3 4 5 6 7 9 |  9.2
Fighting       | 3 4 5 7 9 10 11 12 13 14 15 17 18 | 18.0
Shields        | 3 8 9 10 11 13 14 15 | 15.0
Armour         | 5 10 11 12 13 14 15 16 | 16.6
Evocations     | 7 11 12 15 17 | 17.9
Long Blades    | 3 8 11 12 | 12.5
Stealth        | 1 13 18 19 | 19.1
Throwing       | 1 8 9 |  9.2
Dodging        | 5 9 |  9.8
Translocations | 7 11 | 11.0
Spellcasting   | 9 10 | 10.8
Transmutations | 9 |  9.5
Earth Magic    | 8 |  8.5
Air Magic      | 7 8 |  8.1
Necromancy     | 9 |  9.4
Summonings     | 11 | 11.8
Conjurations   | 12 | 12.2

Action                   |  1- 3 |  4- 6 |  7- 9 | 10-12 | 13-15 | 16-18 | 19-21 | 22-24 | 25-27 || total
-------------------------+-------+-------+-------+-------+-------+-------+-------+-------+-------++-------
Melee: Rapier            |    89 |   140 |   293 |     2 |       |       |       |       |       ||   524
       Bite              |    25 |    44 |   115 |   351 |  1159 |  1024 |  1016 |   833 |  1690 ||  6257
       Dagger            |       |       |   100 |   581 |       |       |       |       |       ||   681
       Quick blade       |       |       |       |   179 |  1847 |  1497 |   973 |   674 |  2300 ||  7470
       Demon blade       |       |       |       |       |       |   112 |   610 |   654 |   252 ||  1628
Throw: Javelin           |     8 |    44 |     5 |    12 |    37 |   150 |   344 |   510 |   563 ||  1673
       Stone             |       |     3 |    46 |   121 |   275 |    64 |       |       |       ||   509
       Dart              |       |       |   101 |    22 |       |   426 |    90 |       |     2 ||   641
       Boomerang         |       |       |       |       |       |    10 |       |   288 |   357 ||   655
       Throwing net      |       |       |       |       |       |       |     1 |       |       ||     1
 Cast: Blink             |       |       |       |       |       |       |       |       |    86 ||    86
       Apportation       |       |       |       |       |       |       |       |       |    71 ||    71
       Passage of Golubr |       |       |       |       |       |       |       |       |    27 ||    27
       Wereblood         |       |       |       |       |       |       |       |       |     4 ||     4
       Summon Lightning  |       |       |       |       |       |       |       |       |     3 ||     3
       Passwall          |       |       |       |       |       |       |       |       |     2 ||     2
       Dazzling Flash    |       |       |       |       |       |       |       |       |     2 ||     2
       Animate Skeleton  |       |       |       |       |       |       |       |       |     1 ||     1
Invok: Lunge             |       |     4 |    13 |     6 |    32 |    23 |    53 |    23 |    95 ||   249
       Whirlwind         |       |     1 |    20 |    17 |    74 |    64 |    74 |    57 |   135 ||   442
       Serpent's Lash    |       |       |       |     1 |       |       |       |       |       ||     1
       Heavenly Storm    |       |       |       |     1 |     4 |     3 |     2 |       |     6 ||    16
 Abil: Wall Jump         |       |       |     1 |       |       |       |       |       |       ||     1
Evoke: Wand              |       |       |       |     2 |    25 |    43 |     1 |    24 |    28 ||   123
       Lightning rod     |       |       |       |       |       |    18 |    40 |    23 |    27 ||   108
       Phantom mirror    |       |       |       |       |       |     7 |     8 |    10 |    11 ||    36
       Phial of floods   |       |       |       |       |       |     4 |    11 |     7 |     9 ||    31
       Condenser vane    |       |       |       |       |       |       |     8 |    11 |    15 ||    34
       Box of beasts     |       |       |       |       |       |       |     2 |    11 |    13 ||    26
  Use: Scroll            |       |     9 |     8 |     6 |    24 |    14 |    19 |    17 |    32 ||   129
       Potion            |       |       |     4 |       |       |     8 |     5 |     5 |    19 ||    41
 Stab: Invisible         |       |       |     2 |       |       |    10 |     3 |       |     2 ||    17
       Distracted        |       |       |       |     3 |    27 |    18 |    18 |     8 |    21 ||    95
       Petrifying        |       |       |       |       |     1 |       |       |     1 |       ||     2
       Paralysed         |       |       |       |       |       |     5 |       |     2 |       ||     7
       Petrified         |       |       |       |       |       |     3 |       |     1 |       ||     4
       Sleeping          |       |       |       |       |       |     2 |     7 |     5 |    10 ||    24
       Confused          |       |       |       |       |       |       |       |     3 |       ||     3
Armor: Scale mail        |    35 |     4 |    63 |    85 |   329 |   404 |       |       |       ||   920
       Plate armour      |       |    76 |    99 |   127 |       |   117 |   164 |       |       ||   583
       Storm dragon scal |       |       |       |       |       |       |   221 |   386 |   559 ||  1166
       Chain mail        |       |       |       |       |       |       |       |       |    82 ||    82
       Skin              |       |       |       |       |       |       |       |       |     8 ||     8
Dodge: Dodged            |    24 |    16 |    54 |    86 |   211 |   258 |   218 |   377 |   742 ||  1986
Block: Kite shield       |    46 |    69 |   161 |   264 |   468 |   703 |   632 |   619 |  1150 ||  4112
       Reflection        |       |       |       |       |       |    14 |    54 |       |       ||    68
       Rpst.: Demon blade |       |       |       |       |       |    11 |    29 |    40 |    16 ||    96

Table legend: (Time is in decaauts)
 A = Elapsed time spent in this place.
 B = Non-inter-level travel time spent in this place.
 C = Inter-level travel time spent in this place.
 D = Time resting spent in this place.
 E = Time spent auto-exploring this place.
 F = Levels seen in this place.
 G = Mean time per level.
                   A        B        C        D        E       F      G
               +--------+--------+--------+--------+--------+-----+--------+
         Total |  86116 |  75774 |  10342 |  20583 |  30652 |  81 | 1063.2 |
       Dungeon |  20888 |  15905 |   4983 |   3084 |   8413 |  15 | 1392.5 |
          Lair |   8245 |   7156 |   1089 |   1052 |   3917 |   6 | 1374.2 |
        Shoals |   4217 |   3868 |    349 |    625 |   1675 |   4 | 1054.2 |
   Spider Nest |   7003 |   6726 |    277 |   2101 |   2946 |   4 | 1750.8 |
    Slime Pits |   5930 |   5786 |    144 |   3141 |   1492 |   5 | 1186.0 |
  Orcish Mines |   1684 |   1343 |    341 |    215 |    693 |   2 |  842.0 |
   Elven Halls |   4995 |   4596 |    399 |   1414 |   1681 |   3 | 1665.0 |
        Vaults |  10381 |   9193 |   1188 |   1807 |   3766 |   5 | 2076.2 |
         Crypt |   3544 |   3436 |    108 |   1298 |   1180 |   3 | 1181.3 |
        Depths |   9721 |   8285 |   1436 |   2894 |   3220 |   5 | 1944.2 |
          Hell |    589 |    574 |     15 |     70 |    218 |   1 |  589.0 |
           Zot |    198 |    190 |      8 |    120 |     16 |   1 |  198.0 |
         Abyss |   1258 |   1258 |      0 |    100 |    110 |   4 |  314.5 |
   Pandemonium |   5978 |   5978 |      0 |   2094 |   1060 |  13 |  459.8 |
      Ziggurat |    787 |    787 |      0 |    388 |     54 |   8 |   98.4 |
        Bazaar |     93 |     93 |      0 |      0 |     51 |   1 |   93.0 |
      Gauntlet |    598 |    598 |      0 |    174 |    156 |   1 |  598.0 |
               +--------+--------+--------+--------+--------+-----+--------+

Top non-repeatable levels by time:
Vaults:1: 2771 daAuts
Depths:2: 2702 daAuts
Spider:4: 2701 daAuts
     D:6: 2463 daAuts
Vaults:5: 2444 daAuts
Vaults:2: 2343 daAuts
 Crypt:3: 2285 daAuts
   Elf:3: 2244 daAuts
Depths:1: 2116 daAuts
Depths:5: 2074 daAuts
Vaults:4: 1899 daAuts
    D:11: 1761 daAuts
  Lair:2: 1744 daAuts
    D:14: 1712 daAuts
Spider:2: 1620 daAuts
